 Dungeon Crawl Stone Soup version 0.27.0-1-g7a089689b8 (webtiles) character file.

Game seed: 3408354127157372175

44 Sobieck the Magician (level 3, -2/25 HPs)
             Began as a Djinni Fire Elementalist on Aug 7, 2021.
             Slain by a gnoll (9 damage)
             ... on level 3 of the Dungeon.
             The game lasted 00:02:59 (2975 turns).

Sobieck the Magician (Djinni Fire Elementalist)     Turns: 2975, Time: 00:03:00

Health: -2/25      AC:  2    Str:  7    XL:     3   Next: 87%
Gold:   90         EV: 12    Int: 17    God:
                   SH:  0    Dex: 13

rFire    + + .     SeeInvis .   g - +0 short sword {short}
rCold    x . .     Faith    .   (no shield)
rNeg     . . .     Spirit   .   a - +0 robe
rPois    ∞         Reflect  .   (no helmet)
rElec    .         Harm     .   (no cloak)
rCorr    .         Rampage  .   (no gloves)
Will     .....                  (boots unavailable)
Stlth    ++........             (no amulet)
HPRegen  0.08/turn              (no ring)
MPRegen  0.00/turn              (no ring)

@: flying
A: sickness immunity, fire resistance 2, cold vulnerability 1, float, innate
caster, hp casting, extra vitality 1
a: no special abilities


You were on level 3 of the Dungeon.
You visited 1 branch of the dungeon, and saw 3 of its levels.

You collected 90 gold pieces.


Innate Abilities, Weirdness & Mutations

You are immune to sickness and miasma.
You are immune to poison.
Your flesh is very heat resistant. (rF++)
You are vulnerable to cold. (rC-)
You float through the air rather than walking.
You learn spells naturally, not from books.
Your magical power is your life essence.
You have superior vitality. (+4 HP)


   Skills:
 - Level 2.1 Dodging
 - Level 1.5 Stealth
 + Level 3.5 Spellcasting


You couldn't memorise any spells.
You knew the following spells:

 Your Spells              Type           Power      Damage    Failure   Level
a - Foxfire               Conj/Fire      60%        2x1d7     3%          1
b - Conjure Flame         Conj/Fire      15%        6-21      12%         3
c - Inner Flame           Hex/Fire       15%        N/A       12%         3
d - Sticky Flame          Conj/Fire      15%        2d4       36%         4
e - Fireball              Conj/Fire      7%         3d5       71%         5
f - Animate Skeleton      Necr           30%        N/A       3%          1
Your spell library was empty.

Inventory:

Hand Weapons
 g - a +0 short sword (weapon) {short}
   (You took it off a kobold on level 1 of the Dungeon)
Missiles
 c - 50 bolts
 h - 3 stones {throwing}
 p - 22 sling bullets
Armour
 a - a +0 robe (worn)
Scrolls
 b - a scroll of fog {unknown}
 e - a scroll of enchant armour {unknown}
 f - a scroll of vulnerability {unknown}
 j - a scroll of identify {unknown}
 l - a scroll of magic mapping {unknown}
 n - a scroll of enchant weapon {unknown}
Potions
 d - 2 potions of flight {unknown}
 i - a potion of degeneration {unknown}
 k - 2 potions of curing {unknown}
 m - a potion of lignification {unknown}
 o - a potion of magic {unknown}
 q - a potion of haste {unknown}

Dungeon Overview and Level Annotations

Branches:
Dungeon (3/15)

Altars:
The Shining One

####.# #.# #....# #.#
#.#########.## #####
#.#........... ...#
#.#.######.###
#.#########.#.######.### #
#...........#...........
#.#.################......
#...g.ggg@................
#..........############.......
#.#.#......................###
# #.#.#.###########....#####
...........................
#.#.####.#####.####.########
#### ## #......#.# #...†
###.#.####.####.#..
#..<#......##...#..


You could see a gnoll shaman and 3 gnolls.


Message History

Danger!
You conjure some foxfire!
The frilled lizard hisses angrily.
You conjure some foxfire!
The foxfire hits the frilled lizard.
You kill the frilled lizard!
You conjure some foxfire!
Your magical contamination has completely faded away.
Unknown command.
You now have 90 gold pieces (gained 4).
Found a stone staircase leading down.
Unknown command.
No target in view!
A quokka comes into view.
Danger!
You conjure some foxfire!
You conjure some foxfire!
The foxfire hits the quokka. x2
You kill the quokka!
You conjure some foxfire!
q - a grey potion A quokka comes into view.
Danger!
You conjure some foxfire!
You miscast Foxfire.
You are very lightly contaminated with residual magic.
Nothing appears to happen.
The quokka bites you.
The foxfire hits the quokka.
The quokka bites you.
Unknown command.
You are too injured to fight recklessly!
You are too injured to fight recklessly!
Unknown command.
Casting: Foxfire (safe; 4% risk of failure)
Confirm with . or Enter, or press ? or * to list all spells.
You conjure some foxfire!
The quokka barely misses you.
The foxfire hits the quokka but does no damage.
The foxfire hits the quokka.
You kill the quokka!
Casting: Foxfire (safe; 4% risk of failure)
Confirm with . or Enter, or press ? or * to list all spells.
Okay, then.
Your magical contamination has completely faded away.
Unknown command.
You see here a quokka corpse.
Found a stone staircase leading down.
Unknown command.
An orc comes into view. It is wielding a +0 flail.
Danger!
You conjure some foxfire!
The orc shouts!
You hear a shout!
An orc comes into view. It is wielding a +0 flail.
You conjure some foxfire!
The orc shouts!
You conjure some foxfire!
The foxfire hits the orc. x2
You kill the orc!
You conjure some foxfire!
The foxfire hits the orc. x3
You kill the orc!
You conjure some foxfire!
The foxfire hits the orc.
You kill the orc!
You conjure some foxfire!
Things that are here:
a +0 flail {mace}; an orc corpse
k - 2 white potions (gained 1)
Things that are here:
a +0 club {mace}; a +0 leather armour; an orc corpse
Things that are here:
a +0 flail {mace}; an orc corpse A gnoll shaman comes into view.
It is wielding a +0 whip.
Danger!
Unknown command.
The gnoll shaman shouts!
A gnoll comes into view. It is wielding a +0 spear.
Unknown command.
You conjure some foxfire!
The gnoll shouts!
You hear a shout!
A gnoll comes into view. It is wielding a +0 club.
You conjure some foxfire!
The foxfire hits the gnoll shaman but does no damage.
The foxfire hits the gnoll shaman.
You conjure some foxfire!
The foxfire hits the gnoll shaman.
You conjure some foxfire!
The foxfire hits the gnoll shaman but does no damage.
The foxfire hits the gnoll shaman.
A gnoll comes into view. It is wielding a +0 flail.
You conjure some foxfire!
The foxfire hits the gnoll shaman.
The foxfire hits the gnoll shaman but does no damage. x2
You conjure some foxfire!
The foxfire hits the gnoll shaman but does no damage. x2
The gnoll hits you from afar with a +0 spear.
The gnoll shaman hits you with a +0 whip!
* * * LOW HITPOINT WARNING * * *
You are too injured to fight recklessly!
Unknown command.
You are too injured to fight recklessly!
Unknown command.
The foxfire hits the gnoll shaman but does no damage.
The foxfire hits the gnoll shaman.
The gnoll shaman calls upon its god to speed up the gnoll.
The gnoll seems to speed up.
The gnoll hits you with a +0 flail!
You die...

Skill      XL: |  1  2 |
---------------+-------+-----
Spellcasting   | 3 |  3.5
Dodging        | |  2.1
Stealth        | |  1.5

Action                   || total
-------------------------++-------
Melee: Short sword       ||     1
 Cast: Foxfire           ||    97
       Animate Skeleton  ||     1
Armor: Robe              ||     2
Dodge: Dodged            ||    11

Levels and vault maps discovered:
D:1:      dpeg_arrival_refuge, layout_basic, lemuel_another_geyser
D:2:      layout_basic, shapermc_ecumenical_altar_mp_highgroup, uniq_terence
D:3:      layout_basic, mainiacjoe_overflow_small_starburst,
          minmay_crystal_room, uniq_crazy_yiuf_cottage

Notes
Turn   | Place    | Note
-------+----------+-------------------------------------------
     0 | D:1      | Sobieck the Djinni Fire Elementalist began the quest for
                  | the Orb.
     0 | D:1      | Reached XP level 1. HP: 15/15 MP: 0/0
   365 | D:1      | Reached XP level 2. HP: 17/21 MP: 0/0
   882 | D:1      | Reached skill level 3 in Spellcasting
  1570 | D:1      | Reached XP level 3. HP: 24/25 MP: 0/0
  1570 | D:1      | Learned a level 1 spell: Animate Skeleton
  2504 | D:3      | Found a glowing golden altar of the Shining One.
  2975 | D:3      | Slain by a gnoll

Vanquished Creatures
  4 orcs
  2 bats (D:1)
  2 endoplasms
  A giant cockroach (D:1)
  3 goblins
  5 hobgoblins
  3 quokkas
  3 ball pythons
  6 frilled lizards
  4 kobolds
  6 rats (D:1)
39 creatures vanquished.

Vanquished Creatures (others)
  167 foxfires
167 creatures vanquished.

Grand Total: 206 creatures vanquished

Table legend:
 A = Non-vault XP
 B = Vault XP
 C = Vault XP percentage of total XP
 D = Non-vault monster count
 E = Vault monster count
 F = Vault count percentage of total count
                 A         B        C        D         E       F
            +---------+---------+-------+---------+---------+-------
      Total |      64 |       0 |   0.0 |      39 |       0 |   0.0
            +---------+---------+-------+---------+---------+-------
        D:1 |      33 |       0 |   0.0 |      23 |       0 |   0.0
        D:2 |      13 |       0 |   0.0 |       7 |       0 |   0.0
        D:3 |      18 |       0 |   0.0 |       9 |       0 |   0.0
            +---------+---------+-------+---------+---------+-------

Illustrated notes

Table legend:
 A = Kills in this place as a percentage of kills in entire the game.
 B = Kills by you in this place as a percentage of kills by you in the entire game.
 C = Kills by friends in this place as a percentage of kills by friends in the entire game.
 D = Other kills in this place as a percentage of other kills in the entire game.
 E = Experience gained in this place as a percentage of experience gained in the entire game.
 F = Experience gained in this place divided by the number of levels of this place that you have seen.
                   A       B       C       D       E      F
               +-------+-------+-------+-------+-------+----------------------
         Total | 100.0 | 100.0 |   N/A |   N/A | 100.0 |  21.3
       Dungeon | 100.0 | 100.0 |   N/A |   N/A | 100.0 |  21.3
               +-------+-------+-------+-------+-------+----------------------

Table legend: (Time is in decaauts)
 A = Elapsed time spent in this place.
 B = Non-inter-level travel time spent in this place.
 C = Inter-level travel time spent in this place.
 D = Time resting spent in this place.
 E = Time spent auto-exploring this place.
 F = Levels seen in this place.
 G = Mean time per level.
                   A        B        C        D        E       F      G
               +--------+--------+--------+--------+--------+-----+--------+
         Total |   2975 |   2905 |     70 |     64 |   2610 |   3 |  991.7 |
       Dungeon |   2975 |   2905 |     70 |     64 |   2610 |   3 |  991.7 |
               +--------+--------+--------+--------+--------+-----+--------+

Top non-repeatable levels by time:
     D:1: 1937 daAuts
     D:3: 548 daAuts
     D:2: 489 daAuts
